[Event "Team 45 45 League T46"]
[Site "Internet Chess Club"]
[Date "2010.08.13"]
[Round "2"]
[White "Eyechess"]
[Black "Rumata"]
[Result "0-1"]
[WhiteElo "1741"]
[BlackElo "1902"]
[Opening "King's Indian: 4.e4"]
[ECO "E70"]
[Time "21:00:22"]
[TimeControl "2700+45"]

1. d4 Nf6 2. c4 g6 3. Nc3 Bg7 4. e4 d6 5. Bd3 O-O 6. Nge2 e5 7. d5 a5 8. Ng3 Na6
9. O-O Nc5 10. Be2 h5 11. Bg5 Qe8 12. Nb5 Qd7 13. f3 Nh7 14. Qd2 Nxg5 15. Qxg5
Kh7 16. Rfd1 f6 17. Qh4 Qf7 18. f4 exf4 19. Qxf4 Bh6 20. Qf3 Bd7 21. Nc3 Rae8
22. a3 Nb3 23. Ra2 Re5 24. h3 h4 25. Nf1 f5 26. Bd3 Qe7 27. Bc2 fxe4 28. Qe2 a4
29. Bxb3 axb3 30. Raa1 e3 31. Re1 Rf2 32. Qd3 Qg5 33. g3 Bxh3 34. Ne4 Rg2+ 35.
Kh1 Qf5 36. Rad1 Qxe4 37. Qxe4 Rxe4 38. gxh4 e2 {White resigns} 0-1

[Event "Team 45 45 League T46"]
[Site "Internet Chess Club"]
[Date "2010.08.14"]
[Round "2"]
[White "upsan"]
[Black "Yedixon"]
[Result "1-0"]
[WhiteElo "1887"]
[BlackElo "1704"]
[Opening "Petrov three knights game"]
[ECO "C42"]
[Time "14:01:22"]
[TimeControl "2700+45"]

1. e4 e5 2. Nf3 Nf6 3. Nc3 Bb4 4. Nxe5 Bxc3 5. dxc3 Qe7 6. Nd3 Qxe4+ 7. Qe2 d5
8. f3 Qe6 9. Bf4 c6 10. O-O-O O-O 11. Qf2 d4 12. Kb1 dxc3 13. Nc5 Qf5 14. Bd6
Rd8 15. Bd3 Qh5 16. g4 Qh6 17. Bxb8 Rxb8 18. Bxh7+ Kxh7 19. Rxd8 cxb2 20. Qg3
Ra8 21. g5 Qg6 22. gxf6 Qxf6 23. Rhd1 b6 24. Ne4 Qe7 25. Ng5+ Kg6 26. R8d6+ f6
27. Qh4 {White declared winner by adjudication} 1-0

[Event "Team 45 45 League T46"]
[Site "Internet Chess Club"]
[Date "2010.08.16"]
[Round "2"]
[White "randallsr"]
[Black "Buford-Julep"]
[Result "1-0"]
[WhiteElo "1725"]
[BlackElo "1706"]
[Opening "Réti opening"]
[ECO "A05"]
[Time "11:00:29"]
[TimeControl "2700+45"]

1. Nf3 Nf6 2. b3 e6 3. Bb2 Be7 4. c4 c5 5. g3 b6 6. Bg2 Bb7 7. O-O O-O 8. d4
cxd4 9. Nxd4 Bxg2 10. Kxg2 d5 11. Qc2 dxc4 12. Qxc4 Qd5+ 13. Qxd5 Nxd5 14. Nc3
Rd8 15. Nxd5 Rxd5 16. Rad1 Bf6 17. Ba1 Na6 18. Nc6 Rxd1 19. Rxd1 Bxa1 20. Rxa1
Kf8 21. b4 Nc7 22. Rc1 a6 23. e4 Nb5 24. Ne5 Ke8 25. Rc6 Rb8 26. a4 Nd4 27. Rc4
Nb3 28. Rc7 f6 29. Nc6 Ra8 30. Re7+ Kf8 31. Rxe6 Rc8 32. h4 Kf7 33. Rd6 Rc7 34.
e5 fxe5 35. Nxe5+ Ke7 36. Rxb6 Na1 37. Rxa6 Nc2 38. b5 Nb4 39. Nc6+ Nxc6 40.
Rxc6 {Black resigns} 1-0

[Event "Team 45 45 League T46"]
[Site "Internet Chess Club"]
[Date "2010.08.15"]
[Round "2"]
[White "oldsj"]
[Black "elessar"]
[Result "1/2-1/2"]
[WhiteElo "1646"]
[BlackElo "1714"]
[Opening "Caro-Kann: Panov-Botvinnik attack, 5...g6"]
[ECO "B14"]
[Time "13:30:12"]
[TimeControl "2700+45"]

1. e4 c6 2. d4 d5 3. exd5 cxd5 4. c4 Nf6 5. Nc3 g6 6. Nf3 Bg7 7. Qb3 O-O 8. cxd5
Nbd7 9. d6 exd6 10. Bg5 Re8+ 11. Be2 Nb6 12. O-O d5 13. Rfe1 h6 14. Bh4 g5 15.
Bg3 Ne4 16. Be5 Nxc3 17. bxc3 Be6 18. Bxg7 Kxg7 19. Ne5 f6 20. Nf3 Qc7 21. Bb5
Re7 22. Nd2 Rc8 23. Rac1 Qd6 24. Qd1 Bd7 25. Bxd7 Rxe1+ 26. Qxe1 Qxd7 27. Nb3
Re8 28. Qd1 Qe7 29. Kf1 Nc4 30. Nd2 Qc7 31. Nf3 {Game drawn by mutual agreement}
1/2-1/2

[Event "Team 45 45 League T46"]
[Site "Internet Chess Club"]
[Date "2010.08.16"]
[Round "2"]
[White "SlimeDog2"]
[Black "Caminator"]
[Result "1-0"]
[WhiteElo "2185"]
[BlackElo "1889"]
[Opening "QGD semi-Slav: Chigorin defense"]
[ECO "D45"]
[Time "20:40:02"]
[TimeControl "2700+45"]

1. d4 d5 2. c4 c6 3. Nf3 e6 4. e3 Nf6 5. Nc3 Bd6 6. Bd3 Nbd7 7. O-O a6 8. e4
dxe4 9. Nxe4 Bb8 10. b3 Nxe4 11. Bxe4 Nf6 12. Bc2 O-O 13. Bb2 b5 14. Qd3 Re8 15.
Rfe1 h6 16. Ne5 Bb7 17. f4 Ba7 18. Rad1 c5 19. Ng4 Nxg4 20. Qh7+ Kf8 21. dxc5
Qh4 22. Bxg7+ Ke7 23. Rxe6+ Kxe6 24. Bf5+ Ke7 25. Rd7# {Black checkmated} 1-0

[Event "Team 45 45 League T46"]
[Site "Internet Chess Club"]
[Date "2010.08.17"]
[Round "2"]
[White "avila"]
[Black "AncientTurnip"]
[Result "0-1"]
[WhiteElo "1615"]
[BlackElo "1740"]
[Opening "French: advance, Euwe variation"]
[ECO "C02"]
[Time "19:30:16"]
[TimeControl "2700+45"]

1. e4 e6 2. d4 d5 3. e5 c5 4. c3 Nc6 5. Nf3 Bd7 6. a3 Nge7 7. b4 cxd4 8. cxd4
Nf5 9. Be3 f6 10. exf6 Qxf6 11. Be2 Bd6 12. O-O O-O 13. Nc3 Nxe3 14. fxe3 Qh6
15. Qd2 Ne7 16. Rad1 Rxf3 17. Bxf3 Bxh2+ 18. Kf2 Nf5 19. Ne2 Qh4+ 20. g3 Bxg3+
21. Nxg3 Qxg3+ 22. Ke2 Bb5+ 23. Qd3 Bxd3+ 24. Kxd3 Rf8 25. Rde1 Nxd4 26. exd4
Rxf3+ 27. Rxf3 Qxf3+ {White resigns} 0-1

[Event "Team 45 45 League T46"]
[Site "Internet Chess Club"]
[Date "2010.08.11"]
[Round "2"]
[White "musk6868"]
[Black "natethegreat"]
[Result "1/2-1/2"]
[WhiteElo "1805"]
[BlackElo "1815"]
[Opening "Sicilian: closed"]
[ECO "B23"]
[Time "19:00:03"]
[TimeControl "2700+45"]

1. e4 c5 2. Nc3 e6 3. f4 Nc6 4. Nf3 a6 5. a4 Qc7 6. d3 d6 7. Be2 Nf6 8. O-O Nd4
9. b3 Nxe2+ 10. Qxe2 Be7 11. Bb2 O-O 12. Rae1 Ne8 13. f5 e5 14. Nd5 Qd8 15. Bc1
b6 16. Kh1 Bb7 17. Rg1 Bxd5 18. exd5 f6 19. Nd2 b5 20. axb5 axb5 21. c4 b4 22.
Ne4 Rf7 23. Qh5 Bf8 24. Re3 Qd7 25. Rh3 h6 26. Qg6 Kh8 27. Rg3 Ra1 28. Bxh6
Rxg1+ 29. Kxg1 Qa7 30. Bc1 Re7 31. Qh5+ Kg8 32. Qe2 Qa1 33. Qb2 Ra7 34. Re3 Ra2
35. Qxa1 Rxa1 36. Re1 Ra2 37. Kf1 Kf7 38. Be3 g6 39. fxg6+ Kxg6 40. Re2 Ra1+ 41.
Kf2 Rd1 42. Ra2 Rxd3 43. Nd2 f5 44. Ke2 Rc3 45. Ra8 Kf7 46. Ra7+ Kg6 47. Ra8 Kf7
48. Ra7+ Kg6 49. Ra8 Kf7 {Game drawn by repetition} 1/2-1/2

[Event "Team 45 45 League T46"]
[Site "Internet Chess Club"]
[Date "2010.08.16"]
[Round "2"]
[White "vkpanch"]
[Black "BotanicalKnight"]
[Result "1-0"]
[WhiteElo "1683"]
[BlackElo "1544"]
[Opening "Pirc: classical system, 5.Be2"]
[ECO "B08"]
[Time "21:38:58"]
[TimeControl "2700+45"]

1. e4 d6 2. d4 Nf6 3. Nc3 g6 4. Nf3 Bg7 5. Be2 c5 6. dxc5 dxc5 7. Qxd8+ Kxd8 8.
O-O Nc6 9. Rd1+ Bd7 10. Ng5 Rf8 11. Bc4 e6 12. Bf4 h6 13. Nf3 a6 14. Bd6 Rg8 15.
Bxc5 b5 16. Bd3 Kc7 17. b4 Nh5 18. e5 Nxe5 19. Nd4 Nxd3 20. Rxd3 Nf4 21. Rf3 e5
22. Nb3 Bc6 23. Re3 Nxg2 24. Rg3 Nf4 25. Re1 h5 26. Na5 h4 27. Rge3 Ng2 28. Rxe5
Nxe1 29. Re7+ Bd7 30. Nd5+ Kd8 31. Nb7+ Kc8 32. Nd6+ Kb8 33. Rxd7 Nf3+ 34. Kh1
Ne5 35. Rb7# {Black checkmated} 1-0

[Event "Team 45 45 League T46"]
[Site "Internet Chess Club"]
[Date "2010.08.15"]
[Round "2"]
[White "Karpyan"]
[Black "Zumbi"]
[Result "1-0"]
[WhiteElo "1891"]
[BlackElo "1976"]
[Opening "Queen's gambit declined"]
[ECO "D30"]
[Time "17:00:36"]
[TimeControl "2700+45"]

1. d4 d5 2. c4 e6 3. Nf3 Nf6 4. g3 Bb4+ 5. Bd2 Be7 6. Bg2 O-O 7. O-O c6 8. Bf4
b6 9. Nc3 Nbd7 10. Qc2 Bb7 11. Rfd1 Rc8 12. e4 dxc4 13. e5 Nd5 14. Ne4 Nxf4 15.
gxf4 b5 16. Neg5 Bxg5 17. Nxg5 g6 18. a4 Qb6 19. Ra3 c5 20. d5 Bxd5 21. Bxd5
exd5 22. Rxd5 Rfd8 23. axb5 Qxb5 24. Rxa7 Nf8 25. Qd2 Qb6 26. Rxf7 h6 27. Rf6 c3
28. Qd3 c4 29. Rxd8 Qxd8 30. Rxg6+ Kh8 31. Rxh6+ Kg7 32. Ne6+ Kxh6 33. Qh3+ Kg6
34. Nxd8 cxb2 35. Qg4+ Kh7 36. Qf5+ Ng6 37. Nf7 c3 38. Ng5+ Kh6 39. Qh3+ Nh4 40.
Qxh4+ Kg6 41. Qh7# {Black checkmated} 1-0

[Event "Team 45 45 League T46"]
[Site "Internet Chess Club"]
[Date "2010.08.14"]
[Round "2"]
[White "Tobiasdelmonte"]
[Black "bondguy01"]
[Result "1/2-1/2"]
[WhiteElo "1775"]
[BlackElo "1702"]
[Opening "Dutch defense"]
[ECO "A40"]
[Time "21:29:36"]
[TimeControl "2700+45"]

1. d4 e6 2. c4 f5 3. Nf3 Nf6 4. Nc3 Bb4 5. Qb3 a5 6. a3 a4 7. Qc2 Bxc3+ 8. Qxc3
O-O 9. e3 d6 10. Bd3 Qe8 11. O-O Bd7 12. c5 Ne4 13. Qc2 Bc6 14. Nd2 d5 15. f3
Nxd2 16. Bxd2 Qg6 17. Rae1 Nd7 18. b4 axb3 19. Qxb3 Nf6 20. e4 fxe4 21. fxe4
Nxe4 22. Rxf8+ Rxf8 23. Bxe4 dxe4 24. Qe3 Bd5 25. h3 Qf5 26. Qg3 Rf7 27. Qe3 Qf6
28. a4 Rf8 29. a5 Qf5 30. Qe2 Qf6 31. Be3 Qf5 32. Rf1 Qxf1+ 33. Qxf1 Rxf1+ 34.
Kxf1 Kf7 35. Bf4 c6 36. Kf2 h6 37. h4 h5 38. Ke3 Kg6 39. g3 Kf5 40. Be5 g6 41.
Bf4 Kg4 42. Bb8 Kf5 43. Bd6 Kg4 44. Bb8 {Game drawn by mutual agreement} 1/2-1/2

[Event "Team 45 45 League T46"]
[Site "Internet Chess Club"]
[Date "2010.08.15"]
[Round "2"]
[White "Portola"]
[Black "eagleeye222001"]
[Result "1-0"]
[WhiteElo "1888"]
[BlackElo "1711"]
[Opening "Philidor's defense"]
[ECO "C41"]
[Time "23:00:12"]
[TimeControl "2700+45"]

1. e4 d6 2. Nf3 e5 3. Nc3 Nf6 4. d3 Nc6 5. Be2 Be6 6. Be3 Qd7 7. Qd2 Be7 8. d4
exd4 9. Nxd4 Ng4 10. Nxe6 Qxe6 11. Nd5 Bd8 12. f3 Nxe3 13. Qxe3 O-O 14. O-O f5
15. Bd3 Ne7 16. Bc4 Kh8 17. Qb3 Qh6 18. Qxb7 Nxd5 19. Bxd5 Bg5 20. exf5 Be3+ 21.
Kh1 Bf4 22. h3 Rab8 23. Qxa7 Be3 24. Qxc7 Rbc8 25. Qe7 Bf4 26. Rae1 Qh5 27. Re4
Rfe8 28. Qb7 Rb8 29. Qa7 Qxf5 30. Rfe1 Rf8 31. Qxb8 Rxb8 32. Re8+ Qf8 33. Rxf8+
Rxf8 34. c4 g6 35. b3 Rb8 36. Re2 Kg7 37. Kg1 h5 38. Kf2 h4 39. Re7+ Kf6 40.
Re6+ Kg7 41. Re2 Kf6 42. Bc6 g5 43. Bb5 Rb6 44. a4 Rb8 45. a5 d5 46. a6 dxc4 47.
bxc4 Ra8 48. c5 Ra7 49. Bc4 Rc7 50. Re6+ Kf5 51. c6 Ra7 52. Re8 Kf6 53. Rf8+ Kg6
54. Rf7 Bc7 55. Ke2 Kh6 56. Bd3 Kh5 57. Rh7# {Black checkmated} 1-0

[Event "Team 45 45 League T46"]
[Site "Internet Chess Club"]
[Date "2010.08.14"]
[Round "2"]
[White "vaknight"]
[Black "Lionskins"]
[Result "1-0"]
[WhiteElo "1719"]
[BlackElo "1599"]
[Opening "Bird's opening"]
[ECO "A02"]
[Time "12:02:32"]
[TimeControl "2700+45"]

1. f4 c5 2. Nf3 Nc6 3. e3 a6 4. c3 Nf6 5. d4 e6 6. Bd3 b5 7. O-O Bb7 8. Nbd2
cxd4 9. exd4 Ne7 10. Qe1 Qc7 11. Ne5 g6 12. Qh4 Bg7 13. Ndf3 d6 14. Nxf7 Kxf7
15. Ng5+ Kg8 16. Nxe6 Qc6 17. Rf2 Qd5 18. Nxg7 Kxg7 19. f5 Neg8 20. Qg5 Ne4 21.
Bxe4 Qxe4 22. Bf4 Qxf5 23. Be5+ {Black resigns} 1-0

[Event "Team 45 45 League T46"]
[Site "Internet Chess Club"]
[Date "2010.08.15"]
[Round "2"]
[White "Despair"]
[Black "charles-allen"]
[Result "1-0"]
[WhiteElo "1989"]
[BlackElo "1861"]
[Opening "Nimzovich-Larsen attack: classical variation"]
[ECO "A01"]
[Time "20:00:58"]
[TimeControl "2700+45"]

1. b3 d5 2. Bb2 Nf6 3. g3 d4 4. Bg2 e5 5. Nf3 Nc6 6. d3 Bc5 7. e3 Qe7 8. exd4
exd4+ 9. Qe2 Qxe2+ 10. Kxe2 O-O 11. Re1 Bb4 12. c3 dxc3 13. Nxc3 Bg4 14. Kf1
Rad8 15. Red1 Nd4 16. Nxd4 Bxd1 17. Nxd1 Rfe8 18. Ne3 c6 19. Bxc6 bxc6 20. Nxc6
Bc5 21. Nxd8 Rxd8 22. Rd1 Bxe3 23. fxe3 Ng4 24. Bd4 Nxh2+ 25. Kg2 Ng4 26. Bxa7
Ra8 27. Rc1 h5 28. Rc7 Nf6 29. a4 Rd8 30. d4 Nd5 31. Rb7 Nxe3+ 32. Kf3 Nf5 33.
Rb5 g6 34. d5 Nd6 35. Rb8 Nc8 36. Bb6 Rf8 37. Bc5 Ne7 38. Rxf8+ Kxf8 39. a5
{Black resigns} 1-0

[Event "Team 45 45 League T46"]
[Site "Internet Chess Club"]
[Date "2010.08.16"]
[Round "2"]
[White "Atlantis"]
[Black "PJ"]
[Result "1-0"]
[WhiteElo "1860"]
[BlackElo "1695"]
[Opening "King's Indian: Sämisch, 5...O-O"]
[ECO "E81"]
[Time "14:11:01"]
[TimeControl "2700+45"]

1. d4 Nf6 2. c4 g6 3. Nc3 Bg7 4. e4 d6 5. f3 O-O 6. Be3 Nbd7 7. Bd3 e5 8. Nge2
exd4 9. Nxd4 Ne5 10. Be2 a6 11. Qd2 Bd7 12. O-O Qe7 13. Bh6 c5 14. Bxg7 Kxg7 15.
Nc2 Be6 16. Nd5 Nxd5 17. cxd5 Bd7 18. Qc3 f6 19. f4 Nf7 20. Bf3 b5 21. Ne3 a5
22. Rae1 Rfc8 23. Ng4 b4 24. Qe3 Bb5 25. Rf2 Rab8 26. e5 fxe5 27. fxe5 Nxe5 28.
Nxe5 dxe5 29. Qxe5+ Qxe5 30. Rxe5 Re8 31. Rxe8 Rxe8 32. Rd2 Rd8 33. Kf2 Rd6 34.
Ke3 a4 35. Ke4 Kf6 36. Rf2 Ke7 37. Ke5 Bc4 38. a3 bxa3 39. bxa3 Bd3 40. Rb2 c4
41. Bg4 Rd8 42. Rb7+ Kf8 43. Rxh7 c3 44. Rc7 c2 45. Kd4 Bf5 46. Bxf5 gxf5 47.
Rxc2 {Black resigns} 1-0

[Event "Team 45 45 League T46"]
[Site "Internet Chess Club"]
[Date "2010.08.14"]
[Round "2"]
[White "room-matt"]
[Black "Deau"]
[Result "0-1"]
[WhiteElo "1687"]
[BlackElo "1593"]
[Opening "Caro-Kann: Goldman (Spielmann) variation"]
[ECO "B11"]
[Time "08:06:34"]
[TimeControl "2700+45"]

1. e4 c6 2. Nc3 d5 3. Qf3 dxe4 4. Nxe4 Nd7 5. Qg3 Ngf6 6. Nxf6+ Nxf6 7. Bc4 Qd6
8. Qb3 e6 9. Ne2 Be7 10. d4 Nd5 11. O-O O-O 12. Bd3 Bf6 13. c3 e5 14. Qc2 h6 15.
Be3 Nxe3 16. fxe3 Bg4 17. Ng3 Bg5 18. Rae1 Qe6 19. b3 b5 20. Bf5 Bxf5 21. Qxf5
Rae8 22. Qxe6 Rxe6 23. Ne4 Be7 24. Ng3 g6 25. Rf3 f5 26. Ref1 e4 27. R3f2 Bg5
28. Re2 Rd6 29. Nh1 Rc8 30. b4 a5 31. bxa5 Ra8 32. Nf2 Rxa5 33. g4 Ra3 34. gxf5
gxf5 35. Rc1 Rg6 36. Kf1 Rg7 37. Nh3 Kh7 38. Nxg5+ hxg5 39. Rcc2 Ra4 40. Rf2 Kg6
41. Rg2 Kf6 42. Rg3 Rga7 43. Rgg2 Rc4 44. h4 gxh4 45. Rh2 Ra3 46. Rxh4 Raxc3 47.
Rxc3 Rxc3 48. Kf2 Kg6 49. Rh8 Rc2+ 50. Kg3 Rxa2 51. Kf4 Rf2+ 52. Ke5 Rf3 53.
Rg8+ Kf7 54. Rc8 Rxe3 55. Kxf5 Rc3 56. Kxe4 Rc4 57. Ke5 Ke7 58. Rc7+ Kd8 59. Ra7
Kc8 60. Rg7 b4 61. Rg3 Rc3 62. Rg2 Kb7 63. Rb2 b3 64. Ke4 Kc7 65. Ke5 Kb6 66.
Kd6 Kb5 67. d5 cxd5 68. Kxd5 Kb4 69. Kd4 Rc2 70. Rb1 b2 {White resigns} 0-1

[Event "Team 45 45 League T46"]
[Site "Internet Chess Club"]
[Date "2010.08.15"]
[Round "2"]
[White "BraafPaard"]
[Black "Konstantinos"]
[Result "1/2-1/2"]
[WhiteElo "1612"]
[BlackElo "1735"]
[Opening "Sicilian: Grand Prix attack"]
[ECO "B23"]
[Time "15:00:40"]
[TimeControl "2700+45"]

1. e4 c5 2. Nc3 Nc6 3. f4 d6 4. Nf3 g6 5. Bc4 Bg7 6. O-O Nf6 7. d3 O-O 8. Qe1 e6
9. a3 d5 10. Bb5 dxe4 11. dxe4 Bd7 12. Be3 b6 13. Rd1 Qc8 14. e5 Ne8 15. Ne4 a6
16. Ba4 f6 17. exf6 Bxf6 18. Nxf6+ Nxf6 19. Bb3 Kg7 20. Qh4 Ne7 21. Ne5 Nf5 22.
Qf2 Bb5 23. Rfe1 Nxe3 24. Qxe3 c4 25. Ba2 Nd5 26. Qg3 Nxf4 27. Re4 Nh5 28. Qc3
Kg8 29. Bxc4 Bxc4 30. Qxc4 Qxc4 31. Nxc4 b5 32. Nb6 Ra7 33. Rxe6 Raf7 34. Nd7
Rc8 35. c3 Kg7 36. Rxa6 Rd8 37. Rad6 Nf4 38. R6d2 Ne6 39. Ne5 Rxd2 40. Rxd2 Rf5
41. Nf3 Kf6 42. Nd4 Nxd4 43. Rxd4 Ke5 44. a4 bxa4 45. Rxa4 Rf7 46. Rd4 g5 47. g4
Rb7 48. Rd2 Rf7 49. Kg2 Rf4 50. h3 h6 51. b4 Rc4 52. Rc2 Ke4 53. Kf2 Kd3 54. Re2
Kxc3 55. b5 Rb4 56. Re5 Kd4 57. Rf5 Rb2+ 58. Kf3 Rb3+ 59. Kg2 Rb2+ 60. Kf1 Rb3
61. Kg2 {Game drawn by mutual agreement} 1/2-1/2

[Event "Team 45 45 League T46"]
[Site "Internet Chess Club"]
[Date "2010.08.15"]
[Round "2"]
[White "Wheels"]
[Black "Troparion"]
[Result "1-0"]
[WhiteElo "1909"]
[BlackElo "1805"]
[Opening "Ruy Lopez: Anderssen variation"]
[ECO "C77"]
[Time "17:00:22"]
[TimeControl "2700+45"]

1. e4 e5 2. Nf3 Nc6 3. Bb5 a6 4. Ba4 Nf6 5. d3 d6 6. O-O Be7 7. c3 O-O 8. h3 b5
9. Bc2 d5 10. Nbd2 h6 11. Re1 dxe4 12. Nxe4 Be6 13. d4 exd4 14. Nxd4 Nxd4 15.
cxd4 Bd5 16. Nxf6+ Bxf6 17. Qd3 g6 18. Bxh6 Bg7 19. Bxg7 Kxg7 20. Rad1 Qg5 21.
Qg3 Qxg3 22. fxg3 Rfe8 23. b3 Rad8 24. Rxe8 Rxe8 25. Bd3 Rd8 26. Kf2 Be6 27. Be4
f5 28. Bc6 Bd5 29. Bxd5 Rxd5 30. Ke3 c5 31. Rd2 cxd4+ 32. Rxd4 Rc5 33. Rd6 a5
34. Ra6 b4 35. Kf4 Kh6 36. g4 fxg4 37. Kxg4 Rg5+ 38. Kf3 Rf5+ 39. Ke4 Rb5 40. g4
Kg5 41. Kd4 Kh4 42. Rxg6 Kxh3 43. Rg8 Kh4 44. g5 Kh5 45. Rc8 Rb7 46. Rc5 Ra7 47.
Kc4 Kg6 48. Kb5 Ra8 49. Ka4 Rf8 50. Rxa5 Rf4 51. Rb5 Rf2 52. Kxb4 Rxa2 53. Rc5
Ra6 54. Kb5 Ra3 55. b4 Ra2 56. Kb6 Rb2 57. b5 Rb4 58. Kc7 Kf7 59. b6 {Black
resigns} 1-0

[Event "Team 45 45 League T46"]
[Site "Internet Chess Club"]
[Date "2010.08.15"]
[Round "2"]
[White "alexping"]
[Black "Grenadier"]
[Result "1-0"]
[WhiteElo "1824"]
[BlackElo "1745"]
[Opening "QGD semi-Slav"]
[ECO "D43"]
[Time "08:07:50"]
[TimeControl "2700+45"]

1. d4 d5 2. c4 c6 3. Nc3 e6 4. Nf3 Nf6 5. Bg5 h6 6. Bh4 Be7 7. e3 Nbd7 8. Bd3
Qc7 9. Rc1 O-O 10. O-O Re8 11. a3 dxc4 12. Bxc4 Nd5 13. Bxe7 Rxe7 14. Bxd5 exd5
15. Nxd5 Qd6 16. Nxe7+ Qxe7 17. Qd3 Nf6 18. Nd2 Bg4 19. h3 Bh5 20. f4 Re8 21. e4
Qd7 22. f5 Be2 23. Qxe2 Qxd4+ 24. Kh1 Qxb2 25. Rfe1 Qxa3 26. e5 Nd5 27. Nc4 Qg3
28. Qg4 Qf2 29. Nd6 Re7 30. f6 Nxf6 31. Qc8+ Kh7 32. Qf5+ Qxf5 33. Nxf5 {Black
resigns} 1-0

[Event "Team 45 45 League T46"]
[Site "Internet Chess Club"]
[Date "2010.08.15"]
[Round "2"]
[White "b-spot"]
[Black "rubo"]
[Result "1-0"]
[WhiteElo "1757"]
[BlackElo "1702"]
[Opening "Budapest: Rubinstein variation"]
[ECO "A52"]
[Time "22:00:05"]
[TimeControl "2700+45"]

1. d4 Nf6 2. c4 e5 3. dxe5 Ng4 4. Bf4 Nc6 5. Nf3 Bb4+ 6. Nbd2 Qe7 7. e3 Ngxe5 8.
Nxe5 Nxe5 9. Be2 O-O 10. O-O Bxd2 11. Qxd2 d6 12. b4 b6 13. c5 Bb7 14. cxd6 cxd6
15. Rfd1 Rfd8 16. Rac1 Rac8 17. Rxc8 Rxc8 18. Qd4 f6 19. h3 Rd8 20. a3 Qc7 21.
f3 Qc2 22. Rd2 Qc1+ 23. Kf2 Qxa3 24. Bxe5 fxe5 25. Qc4+ d5 26. Qc7 Rf8 27. Qxb7
Qxb4 28. Qxd5+ Kh8 29. Qd6 Qxd6 30. Rxd6 e4 31. Ba6 exf3 32. gxf3 g5 33. Rd7 h5
34. Rxa7 g4 35. hxg4 hxg4 36. f4 Re8 37. Bb5 g3+ 38. Kf3 g2 39. Ra1 Rg8 40. Rg1
Rc8 41. Rxg2 Rc5 42. Rb2 Kg7 43. Ke4 Kf6 44. Bd3 Rc6 45. Rb5 Rd6 46. Bc4 Kg6 47.
Kf3 Kg7 48. e4 Kf8 49. Bd5 Ke7 50. f5 Kd8 51. Kf4 Kc7 52. Ke5 Rh6 53. f6 Rh5+
54. Ke6 Rh6 55. Ke7 Rh5 56. f7 Re5+ 57. Kf6 Re8 58. fxe8=Q {Black resigns} 1-0

[Event "Team 45 45 League T46"]
[Site "Internet Chess Club"]
[Date "2010.08.13"]
[Round "2"]
[White "misuc56"]
[Black "BrerRabbit"]
[Result "1-0"]
[WhiteElo "1962"]
[BlackElo "1513"]
[Opening "King's Indian defense, 3.Nc3"]
[ECO "E61"]
[Time "10:48:26"]
[TimeControl "2700+45"]

1. d4 Nf6 2. c4 g6 3. Nc3 Bg7 4. e3 O-O 5. h3 d6 6. Nf3 Nbd7 7. Bd3 c6 8. O-O
Re8 9. Bc2 e5 10. Rb1 e4 11. Nh2 d5 12. cxd5 cxd5 13. Bd2 Nb6 14. Bb3 Bd7 15.
Rc1 Nc4 16. Bxc4 dxc4 17. a4 Bc6 18. Ng4 Nd5 19. Qe2 Nxc3 20. Bxc3 Bxa4 21. Qxc4
Bc6 22. Rcd1 Bd5 23. Qa4 Qe7 24. Ra1 a6 25. Rfc1 Rac8 26. Bb4 Qe6 27. Rxc8 Rxc8
28. Bc3 Bc4 29. Qd1 Bd5 30. Qd2 f6 31. Nh2 Bf8 32. Nf1 Bd6 33. Ng3 Rc4 34. Qd1
Bb4 35. Bxb4 Rxb4 36. Qd2 Rc4 37. Rc1 Qc6 38. Ne2 Kf7 39. Nc3 f5 40. Ra1 Ke6 41.
g3 b5 42. Kg2 Qb6 43. b3 Rc8 44. Nxd5 Kxd5 45. Qa2 b4 46. Qxa6 Qc7 47. Ra5+
{Black resigns} 1-0

[Event "Team 45 45 League T46"]
[Site "Internet Chess Club"]
[Date "2010.08.13"]
[Round "2"]
[White "chessateer"]
[Black "MeoPatacca"]
[Result "0-1"]
[WhiteElo "1839"]
[BlackElo "1860"]
[Opening "Scandinavian (center counter) defense"]
[ECO "B01"]
[Time "15:30:39"]
[TimeControl "2700+45"]

1. e4 d5 2. exd5 Qxd5 3. Nc3 Qa5 4. d4 Nf6 5. Nf3 c6 6. Bd2 Bf5 7. Ne4 Qc7 8.
Nxf6+ gxf6 9. g3 e6 10. Bg2 Nd7 11. O-O O-O-O 12. Nh4 Bg6 13. a4 e5 14. Be3 exd4
15. Bxd4 Ne5 16. Bxe5 Qxe5 17. Qg4+ Kc7 18. Rfe1 Bh5 19. Qc4 Qd4 20. Qxd4 Rxd4
21. Nf3 Rd7 22. Rad1 Rxd1 23. Rxd1 Bc5 24. c3 Rd8 25. Rxd8 Kxd8 26. Kf1 a5 27.
Ne1 Bd1 28. Be4 h6 29. Nc2 Bg4 30. b4 Bb6 31. h4 Be6 32. b5 Bb3 33. bxc6 bxc6
34. Nd4 Bxd4 35. cxd4 Bxa4 36. Ke2 Ke7 37. Kd3 Kd6 38. f4 Bb3 39. g4 Bd5 40. Bf5
a4 41. h5 Be6 42. Bxe6 Kxe6 43. Kc3 Ke7 44. Kb4 f5 45. g5 hxg5 46. fxg5 f4 47.
Kc5 a3 48. Kxc6 a2 49. d5 a1=Q 50. d6+ Kd8 51. h6 f3 {White resigns} 0-1

[Event "Team 45 45 League T46"]
[Site "Internet Chess Club"]
[Date "2010.08.12"]
[Round "2"]
[White "GreatBendini"]
[Black "ddlj81"]
[Result "1-0"]
[WhiteElo "1817"]
[BlackElo "1784"]
[Opening "Ruy Lopez: four knights (Tarrasch) variation"]
[ECO "C77"]
[Time "22:01:30"]
[TimeControl "2700+45"]

1. e4 e5 2. Nf3 Nc6 3. Bb5 a6 4. Ba4 Nf6 5. Nc3 b5 6. Bb3 Bc5 7. Nxe5 Nxe5 8. d4
Bxd4 9. Qxd4 d6 10. f4 c5 11. Qd2 Neg4 12. h3 Nxe4 13. Nxe4 Qe7 14. O-O O-O 15.
Bd5 Rb8 16. hxg4 Bxg4 17. Nxd6 Rbd8 18. Nxf7 Rxf7 19. Bxf7+ Kxf7 20. Qe3 Qc7 21.
Bd2 c4 22. Bc3 Rd5 23. Rae1 Qd8 24. f5 Rd6 25. Bb4 Rc6 26. Qe7+ Qxe7 27. Rxe7+
Kf6 28. Re6+ Rxe6 29. fxe6+ Kxe6 30. c3 h5 31. Rf8 {Black resigns} 1-0

[Event "Team 45 45 League T46"]
[Site "Internet Chess Club"]
[Date "2010.08.16"]
[Round "2"]
[White "touchthis"]
[Black "gerailen0075"]
[Result "1-0"]
[WhiteElo "1718"]
[BlackElo "1792"]
[Opening "Bird's opening"]
[ECO "A02"]
[Time "11:00:19"]
[TimeControl "2700+45"]

1. f4 c5 2. Nf3 g6 3. e3 Bg7 4. Be2 Nh6 5. O-O d5 6. d4 Qb6 7. Nc3 e6 8. Na4 Qa5
9. Nxc5 O-O 10. Bd2 Qc7 11. Rc1 b6 12. Nd3 a5 13. Nde5 f6 14. Nd3 Ba6 15. b3 Rc8
16. Nb2 b5 17. c4 bxc4 18. bxc4 dxc4 19. Nxc4 Bxc4 20. Bxc4 Qd6 21. Qb3 Nd7 22.
Bxe6+ Kh8 23. Rxc8+ Rxc8 24. Bxd7 Qxd7 25. Bxa5 Qa7 26. Bd2 Rb8 27. Qc4 Rb2 28.
a4 Qb8 29. a5 Ng4 30. h3 Rxd2 31. hxg4 Rb2 32. Rc1 Rb1 33. Rxb1 Qxb1+ 34. Kh2 h6
35. a6 Qb8 36. Qc6 Kh7 37. Qb7 Qe8 38. e4 {Black resigns} 1-0

[Event "Team 45 45 League T46"]
[Site "Internet Chess Club"]
[Date "2010.08.13"]
[Round "2"]
[White "TwoEqualsOne"]
[Black "parrot9"]
[Result "1-0"]
[WhiteElo "1759"]
[BlackElo "1662"]
[Opening "Queen's gambit accepted"]
[ECO "D20"]
[Time "17:54:48"]
[TimeControl "2700+45"]

1. d4 d5 2. c4 dxc4 3. Nc3 e6 4. e4 Nf6 5. Bxc4 a6 6. Bg5 Be7 7. Nf3 b5 8. Bd3
Bb7 9. a3 Nbd7 10. O-O c5 11. Re1 cxd4 12. Nxd4 O-O 13. e5 Nd5 14. Bxe7 Nxe7 15.
h4 Ng6 16. Bxg6 hxg6 17. Qg4 Qc7 18. Rac1 Nxe5 19. Qg3 Rfd8 20. Nxe6 Nf3+ 21.
gxf3 fxe6 22. Qxc7 {Black resigns} 1-0